 Dungeon Crawl Stone Soup version 0.28.0-1-gb440e238dd (webtiles) character file.

Game seed: 9796326910711041155

461 horus123 the Conjurer (level 6, 0/32 HPs)
             Began as a Deep Elf Conjurer on Feb 20, 2022.
             Was an Initiate of Sif Muna.
             Slain by an ufetubus (4 damage)
             ... on level 5 of the Dungeon.
             The game lasted 00:06:35 (4152 turns).

horus123 the Conjurer (Deep Elf Conjurer)           Turns: 4152, Time: 00:06:35

Health: 0/32       AC:  5    Str: 10    XL:     6   Next: 79%
Magic:  14/17      EV: 12    Int: 25    God:    Sif Muna [......]
Gold:   199        SH:  0    Dex: 13    Spells: 6/17 levels left

rFire   . . .      SeeInvis .   h - +3 quarterstaff
rCold   . . .      Faith    .   (shield currently unavailable)
rNeg    + . .      Spirit   .   a - +0 robe
rPois   .          Reflect  .   (no helmet)
rElec   .          Harm     .   f - +0 cloak
rCorr   .          Rampage  .   (no gloves)
Will    .....                   l - +1 pair of boots
Stlth   +.........              (no amulet)
HPRegen 0.10/turn               e - ring of positive energy
MPRegen 0.15/turn               m - +6 ring of strength

@: silenced
A: no striking features
a: Renounce Religion


You were on level 5 of the Dungeon.
You worshipped Sif Muna.
Sif Muna was noncommittal.
You visited 1 branch of the dungeon, and saw 5 of its levels.

You collected 199 gold pieces.

Inventory:

Hand Weapons
 h - a +3 quarterstaff (weapon)
Armour
 a - a +0 robe (worn)
 f - a +0 cloak (worn)
 l - a +1 pair of boots (worn)
Jewellery
 e - a ring of positive energy (left hand)
 m - a +6 ring of strength (right hand)
 o - a ring of fire
Scrolls
 b - 8 scrolls of identify
 j - a scroll of teleportation
 p - a scroll of magic mapping {unknown}
Potions
 d - 2 potions of might {unknown}
 g - a potion of mutation {unknown}
 i - 2 potions of curing {unknown}
 k - a potion of lignification {unknown}
 n - a potion of flight {unknown}


   Skills:
 - Level 2.4 Dodging
 - Level 2.4 Stealth
 - Level 6.2 Spellcasting
 - Level 7.2 Conjurations
 + Level 2.9 Hexes


You had 6 spell levels left.
You knew the following spells:

 Your Spells              Type           Power      Damage    Failure   Level
a - Magic Dart            Conj           100%       1d8       1%          1
b - Searing Ray           Conj           88%        2d7       1%          2
c - Fulminant Prism       Conj/Hex       16%        3d11      9%          4
d - Iskenderun's Mystic   Conj/Tloc      25%        2d7       16%         4

Your spell library contained the following spells:

 Spells                   Type           Power      Damage    Failure   Level
 Dazzling Flash           Conj/Hex       66%        N/A       2%          3
 Sandblast                Erth           14%        2d6       8%          1
 Corpse Rot               Necr/Air       14%        N/A       11%         2
 Poisonous Vapours        Pois/Air       14%        N/A       11%         2


Dungeon Overview and Level Annotations

Branches:
Dungeon (5/15)
 Temple: D:4-7

Altars:
Sif Muna
Trog
Uskayaw

Shops:
D:1 =

Annotations:
D:5 Sigmund


Message History

Aiming: Magic Dart (safe; 1% risk of failure)
Press: ? - help, Q - select action, (/) - cycle Shift-Dir - straight line The magic dart hits something.
You hear some strange, mumbled words.
You are confused.
Unknown command.
You see here an iguana corpse.
Something hits you!
You see here an iguana corpse.
An orc wizard and an orc come into view.
The orc wizard shouts!
The orc shouts!
A magic dart appears from out of thin air!
The magic dart hits you!
* * * LOW HITPOINT WARNING * * *
An ufetubus comes into view.
Okay, then.
You are too confused!
An orc wizard comes into view. It is wielding a +0 dagger.
The orc wizard shouts!
An ogre comes into view. It is wielding a +0 giant club.
You hear some strange, mumbled words.
Something tries to affect you, but you resist.
You bump into the stone wall.
You feel less confused.
The orc wizard gestures wildly while chanting.
The orc wizard flickers and vanishes!
You hear some strange, mumbled words.
Something tries to affect you, but you resist.
As you read the scroll of silence, it crumbles to dust.
A profound silence engulfs you.
The orc wizard mumbles some strange words.
The orc wizard flickers and vanishes!
An orc wizard comes into view. It is wielding a +0 dagger.
A puff of flame appears from out of thin air!
The puff of flame misses you.
The ufetubus hits you but does no damage.
The ufetubus closely misses you.
The ufetubus hits you but does no damage.
The ufetubus hits you.
You die...

. ..........### #.
####.#..........#
#.###....#..........#
#.......##.{........#
#<....##....).....#
#......o.†.....!..#
#.....{..O.........#
#....5##...........#
#[..@.#######......#
#>....# ......#
#.....# #####.#
#.....# # #.....#
#######


You could see an orc and an ufetubus.

Vanquished Creatures
  Grinder (D:3)
  A necrophage (D:4)
  A hound (D:4)
  A jelly (D:3)
  An iguana (D:5)
  A gnoll (D:3)
  2 adders
  A white imp (D:3)
  A worm (D:4)
  2 dart slugs (D:1)
  5 ball pythons
  6 endoplasms
  15 giant cockroaches
  4 goblins
  4 hobgoblins
  4 jackals (D:4)
  2 quokkas
  4 bats
  6 frilled lizards
  3 kobolds
  2 rats
67 creatures vanquished.

Vanquished Creatures (others)
  A fulminant prism (D:5)
1 creature vanquished.

Grand Total: 68 creatures vanquished

Notes
Turn   | Place    | Note
-------+----------+-------------------------------------------
     0 | D:1      | horus123 the Deep Elf Conjurer began the quest for the Orb.
     0 | D:1      | Reached XP level 1. HP: 10/10 MP: 6/6
   465 | D:1      | Reached XP level 2. HP: 15/15 MP: 7/9
   794 | D:1      | Found Xuahorgh's Jewellery Shop.
  1335 | D:2      | Reached XP level 3. HP: 19/19 MP: 7/11
  1338 | D:2      | Learned a level 2 spell: Searing Ray
  1376 | D:2      | Reached skill level 5 in Spellcasting
  2237 | D:3      | Reached XP level 4. HP: 24/24 MP: 10/14
  2296 | D:3      | Learned a level 4 spell: Fulminant Prism
  2301 | D:3      | Learned a level 4 spell: Iskenderun's Mystic Blast
  2402 | D:3      | Found a hide-covered altar of Uskayaw.
  2472 | D:3      | Noticed Grinder
  2482 | D:3      | Killed Grinder
  2483 | D:3      | Reached skill level 6 in Conjurations
  2483 | D:3      | Reached XP level 5. HP: 10/28 MP: 3/15
  2483 | D:3      | Reached XP level 6. HP: 11/32 MP: 3/17
  2752 | D:3      | Found a shimmering blue altar of Sif Muna.
  2759 | D:3      | Got Sif Muna's Grimoire of Clay
  2767 | D:3      | Became a worshipper of Sif Muna the Loreminder
  2823 | D:3      | Found a bloodstained altar of Trog.
  3204 | D:4      | Reached skill level 7 in Conjurations
  3308 | D:4      | Reached skill level 1 in Hexes
  4073 | D:5      | Entered Level 5 of the Dungeon
  4134 | D:5      | Noticed Sigmund
  4152 | D:5      | Slain by an ufetubus

Illustrated notes

Levels and vault maps discovered:
D:1:      minmay_arrival_widening_spiral_narrow, layout_basic, serial_shops,
          shop
D:2:      minmay_roachtagon, layout_loops_cross
D:3:      layout_basic, nzn_overflow_gifts_of_might_and_magic,
          general_overflow_altar, uniq_grinder
D:4:      layout_loops_cross
D:5:      layout_rooms, lemuel_crystal_altar, nicolae_ossuary_entry_giza,
          minmay_crossroads, uniq_sigmund, uniq_pikel

Skill      XL: |  1  2  3  4  5  6 |
---------------+-------------------+-----
Spellcasting   | 4 6 |  6.2
Conjurations   | 6 7 |  7.2
Hexes          | 2 |  2.9
Dodging        | |  2.4
Stealth        | |  2.4

Action                   |  1- 3 |  4- 6 || total
-------------------------+-------+-------++-------
Melee: Quarterstaff      |       |     8 ||     8
 Cast: Magic Dart        |    78 |    58 ||   136
       Searing Ray       |       |     6 ||     6
       Fulminant Prism   |       |     1 ||     1
  Use: Scroll            |     6 |     2 ||     8
 Stab: Sleeping          |       |     1 ||     1
Armor: Robe              |     1 |     6 ||     7
Dodge: Dodged            |     2 |    10 ||    12
